 Dungeon Crawl Stone Soup version 0.19-a0-1907-gcff654f (webtiles) character file.

144591 HEYYEYAAE the Bludgeoner (level 16, -3/243 HPs)
             Began as a Troll Berserker on Oct 19, 2016.
             Was a High Priest of Trog.
             Slain by a redback (12 damage)
             ... while paralysed
             ... on level 2 of the Spider Nest on Oct 21, 2016.
             The game lasted 01:10:55 (23549 turns).

HEYYEYAAE the Bludgeoner (Troll Berserker)         Turns: 23549, Time: 01:10:55

Health: -3/243     AC: 13    Str: 44    XL:     16   Next: 85%
Magic:  21/21      EV:  1    Int:  3    God:    Trog [*****.]
Gold:   245        SH:  0    Dex:  9    Spells: 0 memorised, 15 levels left

rFire  + + .     SeeInvis +     V - +8 autumn katana {slice, Clar}
rCold  . . .     Gourm    +     C - +3 fire dragon scales
rNeg   + . .     Faith    +     (no shield)
rPois  +         Spirit   .     p - +0 mask of the Dragon {MR+ Slay+3 SInv}
rElec  .         Reflect  .     F - +2 cloak
rCorr  +         Harm     .     (gloves unavailable)
MR     +++..     Clarity  +     (boots unavailable)
Stlth  ..........               I - amulet "Diromney" {Faith rF+ rN+ Str+5}
                                R - ring of ice
                                t - ring of resist corrosion

@: paralysed, berserking (expiring), lethally poisoned (-3 -> -11), corroded,
fainting
A: unfitting armour, claws 3, talons 1, repulsion field 1, berserk 1, fast
metabolism 3, gourmand, magic resistance 1, sense surroundings 1, poison
resistance, regeneration 1, shaggy fur 1, tough skin 2, evolution 1
a: Berserk, Trog's Hand, Brothers in Arms, Burn Spellbooks, Renounce Religion


You were on level 2 of the Spider Nest.
You worshipped Trog.
Trog was extremely pleased with you.
You were fainting.

You visited 5 branches of the dungeon, and saw 26 of its levels.
You visited 1 bazaar.
You also visited: Labyrinth, Sewer and Volcano.

You collected 2839 gold pieces.
You spent 2594 gold pieces at shops.

Inventory:

Hand Weapons
 j - a +6 giant club
 P - a +9 antimagic giant spiked club
 V - the +8 autumn katana (weapon) {slice, Clar}
   (You found it in a labyrinth)

   It inflicts extra damage upon your enemies.
   It protects you against confusion.
Missiles
 q - 12 large rocks (quivered)
Armour
 a - the +2 troll leather armour of the Three of Swords {rF+ MR+ Regen+}
   (You acquired it on level 9 of the Dungeon)

   It protects you from fire.
   It affects your resistance to hostile enchantments.
   It increases your rate of regeneration.
 p - the +0 mask of the Dragon (worn) {MR+ Slay+3 SInv}
   (You bought it in a shop on level 9 of the Dungeon)

   It affects your accuracy and damage with ranged weapons and melee attacks
   (+3).
   It affects your resistance to hostile enchantments.
   It lets you see invisible.
 C - +3 fire dragon scales (worn)
 F - a +2 cloak (worn)
Jewellery
 e - an uncursed ring of positive energy
 i - an uncursed ring of flight
 t - a ring of resist corrosion (left claw)
 x - an uncursed ring of protection from fire
 I - the amulet "Diromney" (around neck) {Faith rF+ rN+ Str+5}
   (You bought it in a shop on level 11 of the Dungeon)

   [amulet of faith]

   It allows you to gain divine favour quickly.
   It affects your strength (+5).
   It protects you from fire.
   It protects you from negative energy.
 M - the amulet of Rigg {Spirit rElec rN+ Int-2 Dex+2}
   (You found it on level 6 of the Lair of Beasts)

   [amulet of guardian spirit]

   It causes incoming damage to be split between your health and magic.
   It affects your intelligence (-2).
   It affects your dexterity (+2).
   It insulates you from electricity.
   It protects you from negative energy.
 R - a ring of ice (right claw)
 Z - an uncursed ring of wizardry
Wands
 d - a wand of paralysis (1/24)
 m - a wand of disintegration (10/24)
 s - a wand of lightning (7/15)
 y - a wand of iceblast (1/15)
 B - a wand of polymorph (12/24)
 E - a wand of digging (7/24)
 H - a wand of iceblast (5/15)
 S - a wand of slowing (21/48)
 U - a wand of lightning (4/15)
 W - a wand of slowing (15/48)
 X - a wand of iceblast (2/15)
Scrolls
 k - 4 scrolls of recharging
 u - 5 scrolls of immolation
 v - 4 scrolls of fog
 A - a scroll of teleportation
 G - a scroll of blinking
 J - 10 scrolls of remove curse
Potions
 b - 5 potions of brilliance
 l - 2 potions of lignification
 n - 5 potions of cure mutation
 o - 2 potions of resistance
 r - a potion of agility
 w - 2 potions of magic
 z - a potion of ambrosia
 D - 3 potions of mutation
 N - 5 potions of curing
 O - a potion of cancellation
 T - 2 potions of berserk rage
 Y - a potion of haste
Books
 K - a book of Minor Magic

   Spells                             Type                      Level
   a - Magic Dart                     Conjuration                  1
   b - Blink                          Translocation                2
   c - Call Imp                       Summoning                    2
   d - Repel Missiles                 Charms/Air                   2
   e - Slow                           Hexes                        2
   f - Conjure Flame                  Conjuration/Fire             3
   g - Mephitic Cloud                 Conjuration/Poison/Air       3
   Trog disapproves of the use of such an item.
Miscellaneous
 g - a phial of floods
 Q - a lamp of fire
Comestibles
 c - 15 bread rations
 f - 12 meat rations
 h - 13 fruits
 L - 6 royal jellies


   Skills:
 - Level 11.1 Fighting
 * Level 17.1 Maces & Flails
 - Level 2.2 Throwing
 - Level 10.6 Armour
 - Level 10.8 Dodging
 - Level 8.8 Evocations


You had 15 spell levels left.
You didn't know any spells.

Dungeon Overview and Level Annotations

Branches:
Dungeon (15/15)            Temple (0/1) D:6            Lair (6/6) D:11
 Shoals (0/4) Lair:2       Spider (2/4) Lair:4        Slime (0/5) Lair:6
    Orc (2/2) D:9             Elf (0/3) Orc:2        Vaults (0/5) D:13
 Depths (1/5) D:15

Altars:
Ashenzari
Dithmenos
Gozag
Kikubaaqudgha
Makhleb
Okawaru
Qazlal
Ru
Trog
Vehumet
Xom
Yredelemnul
Zin
The Shining One
Beogh

Shops:
D:9 [   D:10 =   D:11 =   D:12 *   D:13 }   D:14 ?   D:15 =   Orc:1 =
Orc:2 *!(?   Depths:1 }}=

Portals:
Hell: Lair:6

Annotations:
D:6 1 runed door
Depths:1 Mara


Innate Abilities, Weirdness & Mutations

You are too large for most types of armour.
You have claws for hands.
Your metabolism is lightning-fast.
You like to eat raw meat.
Your natural rate of healing is unusually fast.
You are covered in fur. (AC +1)
You have very tough skin. (AC +2)
You have sharp toenails.
You are surrounded by a mild repulsion field. (EV +2)
You tend to lose your temper in combat.
You are resistant to hostile enchantments. (MR+)
You passively map a small area around you.
Your system is resistant to poisons. (rPois)
You evolve.


Message History

The redback bites you but does no damage.
The entropy weaver hits you!
* * * LOW HITPOINT WARNING * * *
The entropy weaver hits you but does no damage.
The entropy weaver hits you!
* * * LOW HITPOINT WARNING * * *
The entropy weaver hits you but does no damage.
The redback bites you but does no damage.
You feel very sick.
The redback bites you but does no damage.
The entropy weaver hits you.
* * * LOW HITPOINT WARNING * * *
The entropy weaver hits you.
* * * LOW HITPOINT WARNING * * *
The entropy weaver hits you but does no damage.
The entropy weaver hits you.
* * * LOW HITPOINT WARNING * * *
* * * LOW HITPOINT WARNING * * *
You feel sick. The redback bites you!
You die...

#..≈...†.......## * ,
#..............### # ,
###..........#≈###.###. ,
, #.#....(.....##....#...
##.............≈≈.......
,
#.......................
........................
......as................
, ,
.......@................
....^^(.(...............
,
.....##..(..####.........
,
.....^##..†....#........#
.......#.......#........#
.......#......#≈≈#....≈##
, ......##..^.##..##..###
, , ,#.#≈..#....)....####
...,##≈≈≈≈##.......###


You could see an entropy weaver and a redback.

Vanquished Creatures
  Arachne (Spider:2)
  Jorgrun (Depths:1)
  Gastronok (Lair:2)
  Donald (Orc:2)
  An entropy weaver (Spider:2)
  A very ugly thing (D:14)
  Snorg (Orc:1)
  2 ettins
  Josephine (Lair:6)
  A crystal guardian (D:14)
  A minotaur (Lab)
  A fire dragon (D:15)
  Fannar (Orc:1)
  Erolcha (D:9)
  A great orb of eyes (Depths:1)
  Erica (D:8)
  10 centaur warriors
  8 hydras
  A death knight (D:15)
  2 dancing weapons (D:13)
  A tengu warrior (D:15)
  An ogre mage (D:15)
  4 death yaks (Lair:1)
  Urug (Orc:1)
  2 deep troll shamans (Depths:1)
  Sonja (D:10)
  A deep elf knight (D:15)
  A sun demon (Lair:6)
  A salamander mystic (Depths:1)
  A sixfirhy (Lair:6)
  10 hill giants
  An unseen horror (D:14)
  5 deep trolls
  A wizard (Lair:6)
  Pikel (D:8)
  2 phantasmal warriors (D:15)
  9 orb spiders
  2 deep elf magi
  5 orc knights
  3 oklob plants
  18 wolf spiders
  17 ugly things
  The ghost of Nuatha the Gouger, a novice FeMo of Ru (Volcano)
  3 manticores
  A cyclops (D:15)
  A centaur zombie (D:15)
  13 elephants
  A siren (Lair:2)
  3 black mambas
  5 spiny frogs
  2 orange demons (Lair:6)
  3 gargoyles
  3 komodo dragons
  3 centaur skeletons
  A kobold demonologist (D:14)
  An efreet (Volcano)
  5 rime drakes
  4 demonic crawlers
  A hellwing (Lair:6)
  5 ice devils (Lair:6)
  20 jumping spiders
  The ghost of vev the Skirmisher, an amateur DgVM (D:5)
  A red devil (Lair:6)
  A tengu conjurer (D:13)
  2 polar bears
  6 trolls
  A polar bear (shapeshifter) (D:15)
  A wind drake (shapeshifter) (D:14)
  27 blink frogs
  2 hornets
  9 two-headed ogres
  A harpy skeleton (D:15)
  7 dream sheep (Lair:2)
  7 hippogriffs
  Sigmund (D:6)
  A meliai zombie (D:13)
  2 shadows (D:14)
  7 tarantellas
  A spriggan (shapeshifter) (D:15)
  5 wraiths
  31 redbacks
  21 yaks
  Grum (D:8)
  2 fire elementals (Volcano)
  2 basilisks
  3 wyverns
  A mottled dragon (D:14)
  4 vampire mosquitoes (D:10)
  3 soldier ants
  4 wargs
  8 water moccasins
  12 porcupines
  Duvessa (D:4)
  2 black bears
  28 orc warriors
  5 ice beasts
  4 slaves (D:8)
  3 necrophages
  2 sky beasts
  7 phantoms
  15 wolves
  An eye of draining (D:4)
  21 ogres
  20 centaurs
  The ghost of poirepourri the Insei, an amateur OpTm (Sewer)
  19 crocodiles
  2 big kobolds (D:10)
  20 bullfrogs
  Dowan (D:4)
  4 scorpions
  3 killer bees (D:11)
  15 wights
  7 howler monkeys
  3 bullfrog zombies
  15 crimson imps
  A bullfrog skeleton (D:5)
  10 hounds
  A hound (shapeshifter) (D:15)
  4 jellies
  A gnoll shaman (D:5)
  14 orc priests
  11 orc wizards
  17 iguanas
  17 worker ants
  A killer bee zombie (D:8)
  An ogre zombie (Orc:1)
  2 hound zombies
  A hound skeleton (D:6)
  2 worker ant zombies (D:8)
  14 adders
  7 gnolls
  A river rat (D:11)
  2 shadow imps
  A white imp (D:8)
  3 adder zombies
  3 worms
  2 dart slugs (D:1)
  3 leopard geckos
  73 orcs
  4 bats
  12 giant cockroaches
  2 gnoll zombies (D:2)
  7 goblins
  6 hobgoblins
  8 jackals
  12 kobolds
  5 quokkas
  2 ball pythons
  8 frilled lizards
  A jackal zombie (D:6)
  2 leopard gecko skeletons
  A quokka skeleton (D:6)
  13 rats
851 creatures vanquished.

Vanquished Creatures (collateral kills)
  Nikola (Spider:2)
  An emperor scorpion (Spider:1)
  2 hydras (Lair:6)
  A catoblepas (Lair:6)
  A deep troll earth mage (Depths:1)
  4 death yaks
  3 deep trolls (Depths:1)
  A lindwurm (Lair:6)
  A wolf spider (Spider:2)
  A salamander (Depths:1)
  2 black mambas (Lair:6)
  An orange demon (Lair:6)
  A rime drake (Lair:6)
  9 yaktaurs (Depths:1)
  A jumping spider (Spider:1)
  2 hippogriffs (Lair:6)
  A tarantella (Spider:1)
  A wyvern (Lair:6)
  2 yaks (Lair:6)
  4 redbacks (Spider:1)
  A wraith (Lair:6)
  A water moccasin (Lair:6)
  A wolf (Lair:6)
  2 crocodiles
  A fungus (Lair:6)
46 creatures vanquished.

Vanquished Creatures (others)
  An orc (Orc:2)
  6 fungi
  9 plants
16 creatures vanquished.

Grand Total: 913 creatures vanquished

Notes
Turn   | Place    | Note
-------+----------+-------------------------------------------
     0 | D:1      | HEYYEYAAE the Troll Berserker began the quest for the Orb.
     0 | D:1      | Reached XP level 1. HP: 22/22 MP: 0/0
    53 | D:1      | Reached skill level 3 in Maces & Flails
    71 | D:1      | Reached XP level 2. HP: 29/29 MP: 1/1
   562 | D:2      | Reached XP level 3. HP: 29/36 MP: 2/2
   664 | D:2      | Found an iron altar of Okawaru.
   664 | D:2      | Found a shadowy altar of Dithmenos.
   664 | D:2      | Found a shattered altar of Ashenzari.
   689 | D:2      | Reached ** piety under Trog
   841 | D:2      | Found a glowing silver altar of Zin.
   935 | D:2      | Noticed an earth elemental
   937 | D:2      | Found a stormy altar of Qazlal.
   938 | D:2      | Noticed an air elemental
   938 | D:2      | Noticed a water elemental
   938 | D:2      | Noticed a fire elemental
   997 | D:2      | Reached XP level 4. HP: 36/44 MP: 3/3
  1011 | D:2      | Found a basalt altar of Yredelemnul.
  1169 | D:3      | Reached skill level 1 in Armour
  1172 | D:3      | Reached XP level 5. HP: 48/53 MP: 4/4
  1202 | D:3      | Reached skill level 4 in Maces & Flails
  1284 | D:3      | Found a faded altar of an unknown god.
  1412 | D:3      | Found a sacrificial altar of Ru.
  1412 | D:3      | Found a faded altar of an unknown god.
  1417 | D:3      | Found a faded altar of an unknown god.
  1419 | D:3      | Found a faded altar of an unknown god.
  1420 | D:3      | Found a faded altar of an unknown god.
  1846 | D:4      | Noticed a phantom
  1858 | D:4      | Reached XP level 6. HP: 46/61 MP: 5/5
  1955 | D:4      | Noticed Dowan
  1956 | D:4      | Noticed Duvessa
  1972 | D:4      | Killed Duvessa
  1972 | D:4      | Reached skill level 5 in Maces & Flails
  1972 | D:4      | Reached XP level 7. HP: 68/68 MP: 2/6
  2005 | D:4      | Killed Dowan
  2460 | D:5      | Entered Level 5 of the Dungeon
  2621 | D:5      | Found a bloodstained altar of Trog.
  2624 | D:5      | Noticed vev's ghost (amateur DgVM)
  2649 | D:5      | Reached skill level 6 in Maces & Flails
  2649 | D:5      | Reached XP level 8. HP: 60/78 MP: 7/7
  2682 | D:5      | Found an ancient bone altar of Kikubaaqudgha.
  2811 | D:5      | Killed vev's ghost
  2962 | D:5      | Found a glowing drain.
  2978 | Sewer    | Entered a sewer
  2978 | Sewer    | Noticed poirepourri's ghost (amateur OpTm)
  2987 | Sewer    | Killed poirepourri's ghost
  3107 | Sewer    | Reached *** piety under Trog
  3453 | D:5      | Reached skill level 5 in Fighting
  3453 | D:5      | Reached skill level 7 in Maces & Flails
  3464 | D:5      | Found a shimmering altar of Xom.
  4022 | D:6      | Noticed Sigmund
  4196 | D:6      | Killed Sigmund
  4196 | D:6      | Reached skill level 5 in Dodging
  4196 | D:6      | Reached XP level 9. HP: 85/88 MP: 8/8
  4315 | D:6      | Reached skill level 1 in Evocations
  4445 | D:6      | Gained mutation: You passively map a small area around you. [mutagenic meat]
  4448 | D:6      | Gained mutation: You have sharp toenails. [mutagenic meat]
  4451 | D:6      | Gained mutation: Your movements are slightly less encumbered by armour. (ER -2) [mutagenic meat]
  4454 | D:6      | Gained mutation: You evolve. [mutagenic meat]
  4457 | D:6      | Lost mutation: Your movements are slightly less encumbered by armour. (ER -2) [mutagenic meat]
  4460 | D:6      | Gained mutation: You are resistant to hostile enchantments. (MR+) [mutagenic meat]
  4473 | D:6      | Found a staircase to the Ecumenical Temple.
  4541 | D:6      | Found a runed door.
  4542 | D:6      | Found a basalt altar of Yredelemnul.
  4654 | D:6      | Got a scorched falchion {drain}
  4970 | D:7      | Found an opulent altar of Gozag.
  4979 | D:7      | Noticed a manticore
  4990 | D:7      | Killed a manticore
  4990 | D:7      | Reached skill level 8 in Maces & Flails
  5072 | D:7      | Reached skill level 5 in Armour
  5192 | D:7      | Found a glowing golden altar of the Shining One.
  5416 | D:7      | Noticed a deep elf mage
  5423 | D:7      | Killed a deep elf mage
  5423 | D:7      | Reached XP level 10. HP: 79/96 MP: 10/10
  5443 | D:8      | Found a radiant altar of Vehumet.
  5590 | D:8      | Noticed Pikel
  5604 | D:8      | Killed Pikel
  5740 | D:8      | Noticed Erica
  5749 | D:8      | Killed Erica
  5749 | D:8      | Reached skill level 9 in Maces & Flails
  5773 | D:8      | Gained mutation: You tend to lose your temper in combat. [evolution]
  5776 | D:8      | Identified the +7 falchion "Zuonaifu" {drain, +Fly rPois rF++ MR-} (You took it off an orc on level 6 of the Dungeon)
  5830 | D:8      | Noticed Grum
  5841 | D:8      | Killed Grum
  5973 | D:8      | Reached **** piety under Trog
  6611 | D:9      | Identified a scroll of acquirement
  6614 | D:9      | Got a fine troll leather armour
  6626 | D:9      | Identified the +2 troll leather armour of the Three of Swords {rF+ MR+ Regen+} (You acquired it on level 9 of the Dungeon)
  6651 | D:9      | Found Waliroc's Armour Shoppe.
  6659 | D:9      | Bought the +0 mask of the Dragon {MR+ Slay+3 SInv} for 400 gold pieces
  6784 | D:9      | Found a staircase to the Orcish Mines.
  6793 | D:9      | Found a roughly hewn altar of Beogh.
  7000 | D:9      | Noticed Erolcha
  7005 | D:9      | Killed Erolcha
  7005 | D:9      | Reached XP level 11. HP: 105/105 MP: 12/12
  7394 | D:10     | Entered Level 10 of the Dungeon
  7479 | D:10     | Found Zej Zuh's Jewellery Boutique.
  7540 | D:10     | Noticed Sonja
  7738 | D:10     | Noticed a hill giant
  7745 | D:10     | Killed a hill giant
  7769 | D:10     | Reached skill level 10 in Maces & Flails
  7848 | D:10     | Killed Sonja
  7946 | D:11     | Found Gitorof's Jewellery Shoppe.
  7950 | D:11     | Noticed a hill giant
  7958 | D:11     | Found a labyrinth entrance.
  7967 | Lab      | Entered a labyrinth
  8272 | Lab      | Gained mutation: You have supernaturally acute eyesight. (SInv) [evolution]
  8647 | Lab      | Noticed a minotaur
  8656 | Lab      | Killed a minotaur
  8858 | D:11     | Killed a hill giant
  8974 | D:11     | Found a staircase to the Lair.
  8992 | D:11     | Reached skill level 5 in Evocations
  9227 | D:11     | Reached XP level 12. HP: 117/117 MP: 14/14
  9592 | D:12     | Found Fuadghuo's General Store.
  9595 | D:12     | Bought a scroll of identify for 24 gold pieces
  9793 | D:12     | Noticed a five-headed hydra
  9858 | D:13     | Reached ***** piety under Trog
  9858 | D:13     | Reached skill level 11 in Maces & Flails
  9895 | D:13     | Found Zeis's Gadget Shop.
  9938 | D:13     | Found a gate to the Vaults.
 10062 | D:13     | Noticed a centaur warrior
 10074 | D:13     | Killed a centaur warrior
 10162 | D:13     | Noticed a centaur warrior
 10166 | D:13     | Killed a centaur warrior
 10190 | D:13     | Noticed a centaur warrior
 10196 | D:13     | Killed a centaur warrior
 10461 | D:13     | Gained mutation: Your system is resistant to poisons. (rPois) [evolution]
 10699 | D:12     | Killed a five-headed hydra
 10813 | Lair:1   | Entered Level 1 of the Lair of Beasts
 10934 | Lair:1   | Gained mutation: You have razor-sharp toenails. [potion of beneficial mutation]
 10995 | Lair:1   | Noticed a death yak
 10996 | Lair:1   | Noticed a death yak
 10997 | Lair:1   | Noticed a death yak
 10997 | Lair:1   | Noticed a death yak
 10997 | Lair:1   | Noticed a death yak
 10999 | Lair:1   | Noticed a death yak
 11006 | Lair:1   | Killed a death yak
 11008 | Lair:1   | Killed a death yak
 11012 | Lair:1   | Killed a death yak
 11023 | Lair:1   | Killed a death yak
 11023 | Lair:1   | Reached skill level 12 in Maces & Flails
 11032 | Lair:1   | Killed a death yak
 11034 | Lair:1   | Killed a death yak
 11061 | Lair:1   | Reached XP level 13. HP: 117/126 MP: 16/16
 11854 | Lair:2   | Noticed Gastronok
 11864 | Lair:2   | Killed Gastronok
 12005 | Lair:2   | Found a staircase to the Shoals.
 12492 | Lair:3   | Found a dark tunnel.
 12497 | Volcano  | Entered a volcano
 12497 | Volcano  | Noticed Nuatha's ghost (novice FeMo)
 12505 | Volcano  | Killed Nuatha's ghost
 13491 | Lair:4   | Received a gift from Trog
 13542 | Lair:4   | HP: 3/131 [five-headed hydra (6)]
 13543 | Lair:4   | Found a hole to the Spider Nest.
 13706 | Lair:4   | Reached skill level 13 in Maces & Flails
 14397 | Lair:4   | Lost mutation: You have supernaturally acute eyesight. (SInv) [evolution]
 14521 | Lair:5   | Reached XP level 14. HP: 124/140 MP: 18/18
 14665 | Lair:5   | Identified a +5 rod of ignition (9/9) (You found it in a labyrinth)
 15015 | Lair:6   | Entered Level 6 of the Lair of Beasts
 15163 | Lair:6   | Noticed Josephine
 15368 | Lair:6   | Killed Josephine
 15738 | Lair:6   | Found a staircase to the Slime Pits.
 15966 | Lair:6   | Found a burning altar of Makhleb.
 15998 | Lair:6   | Reached skill level 14 in Maces & Flails
 16016 | Lair:6   | HP: 3/141 [ice devil (31)]
 16208 | Lair:6   | Found a gateway to Hell.
 16216 | Lair:6   | Got a slimy garnet amulet
 16491 | Lair:2   | You fall through a shaft!
 16624 | Orc:1    | Entered Level 1 of the Orcish Mines
 16640 | Orc:1    | Noticed Urug
 16650 | Orc:1    | Killed Urug
 16650 | Orc:1    | Reached skill level 10 in Fighting
 16689 | Orc:1    | Found Idycasm's Jewellery Shop.
 16701 | Orc:1    | Found a roughly hewn altar of Beogh.
 16722 | Orc:1    | Noticed Snorg
 16728 | Orc:1    | Killed Snorg
 17067 | Orc:1    | Noticed Fannar
 17080 | Orc:1    | Killed Fannar
 17390 | Orc:2    | Entered Level 2 of the Orcish Mines
 17586 | Orc:2    | Received a gift from Trog
 18005 | Orc:2    | Reached XP level 15. HP: 149/149 MP: 19/19
 18169 | Orc:2    | Found Maxumoam's Weapon Shoppe.
 18169 | Orc:2    | Found Xewooneff's Distillery.
 18171 | Orc:2    | Found Puwon's General Store.
 18173 | Orc:2    | Found Obis's Magic Scroll Emporium.
 18195 | Orc:2    | Bought a scroll of blinking for 105 gold pieces
 18195 | Orc:2    | Bought a scroll of recharging for 133 gold pieces
 18195 | Orc:2    | Bought a scroll of enchant armour for 105 gold pieces
 18198 | Orc:2    | Bought 2 potions of curing for 84 gold pieces
 18198 | Orc:2    | Bought a potion of curing for 42 gold pieces
 18198 | Orc:2    | Bought a potion of heal wounds for 70 gold pieces
 18283 | Orc:2    | Noticed Donald
 18284 | Orc:2    | Found a staircase to the Elven Halls.
 18295 | Orc:2    | Killed Donald
 18297 | Orc:2    | Reached skill level 10 in Dodging
 18552 | D:11     | Bought the amulet "Diromney" {Faith rF+ rN+ Str+5} for 1167 gold pieces
 18635 | D:14     | Identified the amulet of Rigg {Spirit rElec rN+ Int-2 Dex+2} (You found it on level 6 of the Lair of Beasts)
 18897 | D:14     | Received a gift from Trog
 19000 | D:14     | Found Losakh's Magic Scroll Shop.
 19183 | D:14     | Gained mutation: You are surrounded by a mild repulsion field. (EV +2) [evolution]
 19347 | D:14     | Reached skill level 10 in Armour
 19663 | D:14     | Identified the Handbook of Beguiling and the Frostbite
 19743 | D:15     | Entered Level 15 of the Dungeon
 20127 | D:15     | Found Sali's Jewellery Shoppe.
 20134 | D:15     | Reached ****** piety under Trog
 20261 | D:15     | Reached skill level 15 in Maces & Flails
 20366 | D:15     | Received a gift from Trog
 20611 | D:15     | Found a staircase to the Depths.
 21052 | D:15     | Upgraded the game from 0.19-a0-1899-g2d93087 to 0.19-a0-1907-gcff654f
 21059 | D:15     | Reached skill level 1 in Throwing
 21075 | Depths:1 | Entered Level 1 of the Depths
 21090 | Depths:1 | Reached XP level 16. HP: 115/161 MP: 21/21
 21091 | Depths:1 | Noticed Jorgrun
 21248 | Depths:1 | Killed Jorgrun
 21281 | Depths:1 | Found a flickering gateway to a bazaar.
 21293 | Bazaar   | Entered a bazaar
 21293 | Bazaar   | Found Extal's Food Shop.
 21293 | Bazaar   | Found Wita's Gadget Shop.
 21293 | Bazaar   | Found Deecel's Magic Scroll Boutique.
 21307 | Bazaar   | Bought a scroll of teleportation for 39 gold pieces
 21307 | Bazaar   | Bought a scroll of teleportation for 39 gold pieces
 21313 | Bazaar   | Bought a phial of floods for 360 gold pieces
 21317 | Bazaar   | Bought a scroll of identify for 26 gold pieces
 21427 | Depths:1 | Found Wooh's Jewellery Boutique.
 21427 | Depths:1 | Found Epnuposm's Gadget Emporium.
 21434 | Depths:1 | Found Emohiaff's Gadget Emporium.
 21589 | Depths:1 | Noticed Mara
 21596 | Depths:1 | Noticed HEYYEYAAE's illusion
 21696 | D:13     | Lost mutation: You have razor-sharp toenails. [evolution]
 21891 | Spider:1 | Entered Level 1 of the Spider Nest
 22044 | Spider:1 | Received a gift from Trog
 22183 | Spider:1 | Reached skill level 16 in Maces & Flails
 22839 | Spider:2 | Noticed Nikola
 22849 | Spider:2 | Noticed Arachne
 22851 | Spider:2 | Killed Nikola
 23088 | Spider:2 | Killed Arachne
 23457 | Spider:2 | Reached skill level 17 in Maces & Flails
 23540 | Spider:2 | Paralysed by fainting for 12 turns
 23548 | Spider:2 | HP: 10/243 [entropy weaver (4)]
 23549 | Spider:2 | Slain by a redback

Vault maps used:
D:1:      minmay_arrival_hallway, lemuel_flame_loot_1
D:2:      zin_statuary, lemuel_zombie_altar_yredelemnul,
          gammafunk_temple_overflow_forgotten, nicolae_qazlal_style_of_elements
D:3:      chequers_temple_overflow_minitemple, ecumenical_altar_1, first_bread,
          kennysheep_cluttered_room
D:4:      uniq_duvessa
D:5:      grunt_temple_overflow_open, portal_sewer_entry_a,
          corexii_mini_fake_secret_closet, minmay_ruined_shrine
D:6:      dk_yredelemnul_ordeal, uniq_sigmund
D:7:      lemuel_doored_altar, kennysheep_mini_moat, guppyfry_early_elven_hall
D:8:      vehumet_crystals, hangedman_pestilent_swarm, minmay_nine_imps,
          uniq_pikel, uniq_erica, uniq_grum
D:9:      minmay_orc_entry_temple_small, serial_shops, shop, uniq_erolcha
D:10:     serial_shops, shop, uniq_sonja
D:11:     minmay_lair_entry_grove, serial_shops, shop_statue, lab_entry_generic
D:12:     serial_shops, nicolae_shop_window_shopping
D:13:     erik_vaults_1, serial_shops, nicolae_shop_statue_plus
D:14:     minmay_expanding_squares, serial_shops, shop,
          minmay_staircase_statues_hall_large
D:15:     hangedman_depths_entry_civil_slaughter, serial_shops,
          nicolae_shop_stone, minmay_misc_feat_roman
Lair:1:   st_stairs_9, grunt_megastairs_3, bh_autumn_forest_stairs
Lair:2:   minmay_shoals_entry_lonely_mermaid, uniq_gastronok
Lair:3:   dpeg_oklob_shooting_range, enter_volcano_4
Lair:4:   nicolae_spider_entry_orb_guardian, grunt_megastairs_4,
          infiniplex_staircase_pool_2
Lair:6:   evil_forest, minmay_slime_entry_oklob_enclosed, lemuel_old_faithful,
          infiniplex_staircase_pool, uniq_josephine
Spider:2: uniq_nikola, uniq_agnes, uniq_arachne
Orc:1:    lemuel_ogre_cave, serial_shops, shop, basic_altar, uniq_snorg,
          uniq_urug, uniq_fannar
Orc:2:    st_orc_rangers, uniq_donald
Depths:1: serial_shops, bzr_firewalk, hellmouth_1, okawaru_ov_weapons_minmay,
          grunt_megastairs_2, minmay_shop_grove, serial_bayou_shore_a,
          firewood_loft, uniq_jorgrun, uniq_mara
Lab:      nicolae_lab_lava, lab_fountain
Bazaar:   bazaar_minmay_generic_box
Sewer:    sewer_frog_island_01
Volcano:  volcano_overflow

Skill      XL: |  1  2  3  4  5  6  7  8  9 10 11 12 13 14 15 16 |
---------------+-------------------------------------------------+-----
Maces & Flails | 3 4 5 6 7 8 9 10 12 13 14 15 17 | 17.1
Dodging        | 3 4 5 6 7 8 9 10 | 10.8
Fighting       | 3 4 5 6 7 8 9 10 11 | 11.1
Armour         | 1 2 3 4 5 6 7 8 9 10 | 10.6
Evocations     | 2 3 5 6 7 8 |  8.8
Throwing       | 1 2 |  2.2

Action                   |  1- 3 |  4- 6 |  7- 9 | 10-12 | 13-15 | 16-18 || total
-------------------------+-------+-------+-------+-------+-------+-------++-------
Melee: Mace              |   120 |   115 |       |       |       |       ||   235
       Short sword       |       |    35 |   155 |       |       |       ||   190
       Morningstar       |       |       |   266 |       |       |       ||   266
       War axe           |       |       |    78 |   367 |       |       ||   445
       Kick              |       |       |    29 |   161 |   417 |   135 ||   742
       Katana            |       |       |       |   106 |   742 |   236 ||  1084
       Giant spiked club |       |       |       |     2 |    39 |       ||    41
       Giant club        |       |       |       |     1 |   205 |       ||   206
Throw: Large rock        |       |       |       |       |       |    31 ||    31
Invok: Trog's Hand       |       |     5 |    17 |    12 |     5 |     3 ||    42
       Berserk           |       |     2 |    13 |    23 |    30 |     9 ||    77
       Brothers in Arms  |       |       |       |     3 |     6 |     9 ||    18
Evoke: Wand              |       |       |     2 |    12 |    29 |     4 ||    47
       Box of beasts     |       |       |       |       |     3 |       ||     3
       Lamp of fire      |       |       |       |       |     3 |       ||     3
       Rod               |       |       |       |       |     1 |       ||     1
       Phial of floods   |       |       |       |       |       |     1 ||     1
  Use: Scroll            |       |     6 |     7 |    12 |    27 |     7 ||    59
       Potion            |       |     4 |     3 |     2 |    12 |     3 ||    24
 Stab: Sleeping          |       |       |     2 |       |       |       ||     2
       Confused          |       |       |     1 |     1 |     2 |       ||     4
       Paralysed         |       |       |       |       |     5 |     6 ||    11
       Distracted        |       |       |       |       |     1 |       ||     1
  Eat: Chunk             |    11 |    11 |    59 |    68 |   125 |    24 ||   298
       Pizza             |       |       |     2 |     1 |     2 |       ||     5
       Beef jerky        |       |       |       |     4 |       |       ||     4
       Royal jelly       |       |       |       |     2 |     1 |     2 ||     5
       Fruit             |       |       |       |       |       |     2 ||     2
Armor: Animal skin       |    55 |    46 |   179 |    11 |       |       ||   291
       Robe              |       |       |       |    39 |       |       ||    39
       Troll leather arm |       |       |       |   147 |    39 |       ||   186
       Fire dragon scale |       |       |       |       |   609 |   307 ||   916
Dodge: Dodged            |    87 |    63 |   262 |   332 |   789 |   363 ||  1896
Block: Other             |       |       |       |    51 |   100 |       ||   151
       Reflection        |       |       |       |     4 |    13 |       ||    17
       Rpst.: Katana     |       |       |       |    18 |   128 |    69 ||   215
